 Dungeon Crawl Stone Soup version 0.31-a0-631-g285b096dc4 (webtiles) character file.

Game seed: 13818566319735305325

2610 MackTheKnife the Magician (level 9, 0/49 HPs)
             Began as a Deep Elf Wanderer on Aug 27, 2023.
             Slain by a slime creature (10 damage)
             ... on level 7 of the Dungeon.
             The game lasted 00:12:40 (8152 turns).

MackTheKnife the Magician (Deep Elf Wanderer)       Turns: 8152, Time: 00:12:40

Health: 0/49       AC:  9    Str:  7    XL:     9   Next: 34%
Magic:  0/22       EV: 14    Int: 22    God:
Gold:   169        SH:  6    Dex: 22    Spells: 19/23 levels left

rFire   . . .        y - +0 short sword of Cuod {freeze, rC+, short}
rCold   + . .        n - +0 buckler
rNeg    . . .        e - +0 robe
rPois   +            a - +2 helmet
rElec   .            c - +1 cloak
rCorr   .            w - +0 pair of gloves
SInv    .            i - +0 pair of boots
Will    .....        A - amulet of guardian spirit
Stlth   ++           m - ring of poison resistance
HPRegen 0.28/turn    D - +6 ring of dexterity
MPRegen 0.18/turn

%: guardian spirit
@: mighty
A: no striking features
a: no special abilities


You were on level 7 of the Dungeon.
You visited 1 branch of the dungeon, and saw 7 of its levels.
You also visited: Sewer.

You collected 390 gold pieces.
You spent 221 gold pieces at shops.


   Skills:
 + Level 2.9 Fighting
 - Level 2.6 Ranged Weapons
 - Level 1.0 Throwing
 - Level 1.0 Armour
 + Level 4.6 Dodging
 - Level 5.0 Shields
 - Level 7.6 Spellcasting
 - Level 5.4 Conjurations
 - Level 6.9 Air Magic
 - Level 1.6 Poison Magic


You had 19 spell levels left.
You knew the following spells:

 Your Spells              Type           Power      Damage    Failure   Level
a - Shock                 Conj/Air       100%       1d9       1%          1
b - Mephitic Cloud        Conj/Pois/Air  28%        N/A       5%          3

Your spell library contained the following spells:

 Spells                   Type           Power      Damage    Failure   Level
 Cigotuvi's Dreadful Rot  Necr/Pois/Air  42%        N/A       5%          2
 Apportation              Tloc           16%        N/A       12%         1
 Necrotise                Necr           32%        1d5       12%         1
 Summon Small Mammal      Summ           32%        N/A       12%         1
 Ignite Poison            Fire/Tmut/Pois 10%        N/A       28%         3
 Freezing Cloud           Conj/Ice/Air   13%        6-21      52%         5

Inventory:

Hand Weapons
 p - a +0 dagger of venom {short}
   (You took it off a goblin on level 2 of the Dungeon)
 y - the +0 short sword of Cuod (weapon) {freeze, rC+, short}
   (You found it on level 4 of the Dungeon)

   rC+:       It protects you from cold.
 z - the +6 dagger of Extermination {drain, Contam rPois rF- Will+++, short}
   (You found it on level 4 of the Dungeon)

   rF-:       It makes you vulnerable to fire.
   rPois:     It protects you from poison Will+++: It greatly increases your
   willpower.
   Contam:    It causes magical contamination when unequipped.
Missiles
 b - 45 poisoned darts {throwing}
 I - a curare-tipped dart {=fthrowing}
Armour
 a - a +2 helmet (worn)
   (You took it off Robin on level 2 of the Dungeon)
 c - a +1 cloak (worn)
   (You found it on level 3 of the Dungeon)
 e - a +0 robe (worn)
 i - a +0 pair of boots (worn)
   (You found it on level 1 of the Dungeon)
 n - a +0 buckler (worn)
   (You found it on level 2 of the Dungeon)
 w - a +0 pair of gloves (worn)
   (You found it on level 4 of the Dungeon)
Jewellery
 m - a ring of poison resistance (left hand)
   (You found it on level 2 of the Dungeon)
 A - an amulet of guardian spirit (around neck)
   (You found it on level 4 of the Dungeon)
 B - a ring of flight
   (You found it on level 5 of the Dungeon)
 D - a +6 ring of dexterity (right hand)
   (You found it on level 5 of the Dungeon)
 E - an amulet of magic regeneration {@e2}
   (You took it off a gnoll on level 6 of the Dungeon)
Wands
 t - a wand of mindburst (17)
   (You found it on level 4 of the Dungeon)
 G - a wand of flame (17)
   (You found it on level 7 of the Dungeon)
 J - a wand of paralysis (7)
   (You took it off a kobold brigand on level 7 of the Dungeon)
Scrolls
 f - 3 scrolls of poison
 g - a scroll of butterflies
 j - 2 scrolls of immolation {!r!r}
 k - a scroll of teleportation {@r4}
 l - 3 scrolls of fear
 q - 2 scrolls of enchant armour
 r - a scroll of enchant weapon
 v - 2 scrolls of blinking {!r}
 H - a scroll of amnesia {unknown}
Potions
 d - a potion of attraction {!q}
 h - a potion of heal wounds {@q2}
 o - a potion of magic
 s - a potion of mutation {!q}
 u - 2 potions of curing {@q1}
 x - 2 potions of enlightenment
 F - a potion of lignification {unknown}

Dungeon Overview and Level Annotations

Branches:
Dungeon (7/15) Zot: 26211   Sewer (visited)
 Temple: D:4-7

Altars:
Elyvilon
Hepliaklqana
Ru
Trog

Shops:
D:4 ?   D:5 !??

Annotations:
D:5 2 runed translucent doors, Shym's ghost, weakling VSDe

####............# #.#
######.......###.#
##.#.#...##.# #...#......# ###
##.#..#####.. ##.#######
#..#....###.#
#.#.#....####.........<.
#.#.#.....##..###....###
#.#'#.J@.).'...###....##
#.#.......)'....###.#..#
#J#........))##.##..##.#
#J#.......##.)......##..
รท.JJ..J##......###..#.###....#
......# ##########.##......#.#
###### #####......##.##..
#......###.##.##.) ########
####....# #.....#.#


You could see a slime creature.


Message History

๐Ÿ˜Ž MP[-1]
You lost 1 mp, and now have 17/22 mp.
The jelly moves out of view. ๐Ÿ˜Ž MP[+1]
The slime creature attacks as it pursues you!
The slime creature closely misses you.
The slime creature attacks as it pursues you!
The slime creature hits you!
There is an open door here. ๐Ÿ˜• HP[-8] MP[-4]
You take 8 damage, and now have 41/49 hp.
You lost 4 mp, and now have 14/22 mp.
The slime creature attacks as it pursues you!
The slime creature hits you! ๐Ÿ˜ฎ HP[-7] MP[-2]
You take 7 damage, and now have 34/49 hp.
You lost 2 mp, and now have 12/22 mp.
Casting: Shock (safe; 1% risk of failure)
Confirm with . or Enter, or press ? or * to list all spells.
You can't see any susceptible monsters within range! (Use Z to cast anyway.) Unknown command.
Aiming: Paralyse
Press: ? - help, Shift-Dir - straight line, f - slime creature
Aim: a slime creature (chance to affect: 31%)
The slime creature easily resists.
The slime creature hits you!
* * * LOW HITPOINT WARNING * * *
๐Ÿ˜จ HP[-11] MP[-4]
You take 11 damage, and now have 23/49 hp.
MASSIVE DAMAGE!! (PAUSE)
You lost 4 mp, and now have 8/22 mp.
Unknown command.
Okay, then.
Unknown command.
Okay, then.
Unknown command.
Casting: Shock (safe; 1% risk of failure)
Confirm with . or Enter, or press ? or * to list all spells.
Okay, then.
Unknown command.
Aiming: Mindburst
Press: ? - help, Shift-Dir - straight line, f/p - slime creature
Aim: a slime creature (not susceptible)
Okay, then.
Unknown command.
Aiming: Paralyse
Press: ? - help, Shift-Dir - straight line, f/p - slime creature
Aim: a slime creature (chance to affect: 31%)
The slime creature easily resists.
The slime creature closely misses you. ๐Ÿ˜จ HP[+1] Unknown command.
Aiming: Paralyse
Press: ? - help, Shift-Dir - straight line, f/p - slime creature
Aim: a slime creature (chance to affect: 31%)
The slime creature easily resists.
The slime creature barely misses you.
Aiming: Paralyse
Press: ? - help, Shift-Dir - straight line, f/p - slime creature
Aim: a slime creature (chance to affect: 31%)
The slime creature easily resists.
The slime creature hits you.
* * * LOW HITPOINT WARNING * * *
๐Ÿ˜จ HP[-4] MP[-2]
You take 4 damage, and now have 20/49 hp.
You lost 2 mp, and now have 6/22 mp.
Okay, then.
Unknown command. ๐Ÿ˜จ HP[+1] MP[+1] Unknown command.
Okay, then.
Press: ? - help, v - describe, . - travel
Here: a slime creature The floor.
Unknown command.
Blink to where?
Press: ? - help, Dir - move target, p - slime creature
Okay, then.
Unknown command.
Unknown command.
It was a potion of might.
You feel very mighty all of a sudden. The slime creature barely misses you.
You puncture the jelly! You freeze the jelly.
You kill the jelly!
You block the slime creature's attack.
You puncture the slime creature! You freeze the slime creature.
The slime creature hits you!
* * * LOW HITPOINT WARNING * * *
๐Ÿ˜จ HP[-7] MP[-3]
You take 7 damage, and now have 14/49 hp.
You lost 3 mp, and now have 4/22 mp.
You puncture the slime creature! You freeze the slime creature.
The slime creature hits you but does no damage. ๐Ÿ˜จ MP[+1]
You puncture the slime creature! You freeze the slime creature.
The slime creature closely misses you. The slime creature hits you.
* * * LOW HITPOINT WARNING * * *
๐Ÿ˜ฑ HP[-5] MP[-1]
You take 5 damage, and now have 9/49 hp.
You lost 1 mp, and now have 4/22 mp.
You puncture the slime creature! You freeze the slime creature.
The slime creature hits you!
You die...

Skill      XL: |  1  2  3  4  5  6  7  8  9 |
---------------+----------------------------+-----
Spellcasting   | 2 3 4 5 7 |  7.6
Conjurations   | 1 2 3 5 |  5.4
Poison Magic   | 1 |  1.6
Air Magic      | 5 6 |  6.9
Shields        | 5 |  5.0
Fighting       | 1 2 |  2.9
Dodging        | 2 4 |  4.6
Ranged Weapons | |  2.6
Throwing       | |  1.0
Armour         | |  1.0

Action                     |  1- 3 |  4- 6 |  7- 9 || total
---------------------------+-------+-------+-------++-------
  Melee: Shortbow          |     1 |       |       ||     1
         Dagger            |       |    14 |       ||    14
         Short sword       |       |       |    25 ||    25
   Fire: Shortbow          |    72 |       |       ||    72
  Throw: Dart              |    12 |    13 |       ||    25
   Cast: Shock             |    27 |   130 |   301 ||   458
         Mephitic Cloud    |       |       |    14 ||    14
  Evoke: Wand              |       |       |     4 ||     4
    Use: Potion            |     1 |       |     1 ||     2
         Scroll            |       |     6 |     5 ||    11
   Stab: Sleeping          |       |     1 |       ||     1
         Confused          |       |       |     1 ||     1
 Armour: Robe              |    20 |    16 |    36 ||    72
  Dodge: Dodged            |    62 |    23 |    56 ||   141
  Block: Buckler           |       |       |    18 ||    18

Levels and vault maps discovered:
D:1:      ebering_trefoil_3fold, layout_rooms
D:2:      minmay_diamond_boxcup, layout_basic, uniq_robin
D:3:      layout_loops_ring, mainiacjoe_overflow_concentric_impassable,
          mainiacjoe_overflow_divided_tiny, nicolae_hepliaklqana_hippocampus,
          st_stairs_3
D:4:      layout_loops_corners, gup_sewer_entry_pipe, nicolae_stop_n_shop_1,
          chequers_big_river
D:5:      layout_basic, ebering_ghost_disaster_area, serial_shops, shop_statue,
          shop, shop, nicolae_hexahallways, uniq_blork_the_orc
D:6:      layout_loops_ring
D:7:      cheibrodos_fertilizer, layout_rooms, temple_hall,
          kennysheep_generic_room_3

Notes
Turn   | Place    | Note
-------+----------+-------------------------------------------
     0 | D:1      | MackTheKnife the Deep Elf Wanderer began the quest for the
                  | Orb.
     0 | D:1      | MackTheKnife set off with the following items: a +0
                  | shortbow {bow}, 11 poisoned darts {throwing}, a +0 dagger
                  | {short}, a potion of attraction {!q}, a +0 robe; and the
                  | following spell memorised: Shock; and the following spells
                  | available to memorise: Mephitic Cloud.
     0 | D:1      | Reached XP level 1. HP: 10/10 MP: 5/5
     0 | D:1      | magus.rc [v1.9.6]
   118 | D:1      | Reached skill level 2 in Spellcasting
   149 | D:1      | Reached XP level 2. HP: 15/15 MP: 7/7
   571 | D:2      | Reached skill level 3 in Spellcasting
   571 | D:2      | Reached XP level 3. HP: 19/19 MP: 4/9
   795 | D:2      | Learned a level 3 spell: Mephitic Cloud
  1273 | D:2      | Noticed Robin
  1302 | D:2      | Reached XP level 4. HP: 23/24 MP: 6/11
  1490 | D:2      | Killed Robin
  1491 | D:2      | Reached skill level 1 in Conjurations
  1491 | D:2      | Reached skill level 1 in Poison Magic
  1776 | D:3      | HP: 2/24 [orc priest/nerve-wracking pain (5)]
  1780 | D:3      | Reached skill level 4 in Spellcasting
  1780 | D:3      | Reached skill level 5 in Air Magic
  1780 | D:3      | Reached XP level 5. HP: 4/28 MP: 1/13
  1992 | D:3      | Reached skill level 2 in Conjurations
  2315 | D:3      | Found a sacrificial altar of Ru.
  2443 | D:3      | Found a hazy altar of Hepliaklqana.
  2556 | D:3      | Found a white marble altar of Elyvilon.
  2556 | D:3      | Found a bloodstained altar of Trog.
  2677 | D:4      | Found Sehiusk's Magic Scroll Boutique.
  2680 | D:4      | Bought 3 scrolls of identify for 72 gold pieces
  2685 | D:4      | Bought a scroll of teleportation for 36 gold pieces
  2685 | D:4      | Noticed a black bear
  2694 | D:4      | Killed a black bear
  2695 | D:4      | Reached skill level 5 in Spellcasting
  2695 | D:4      | Reached XP level 6. HP: 32/32 MP: 11/15
  2764 | D:4      | Reached skill level 3 in Conjurations
  3239 | D:4      | Found a glowing drain.
  3249 | Sewer    | Entered a sewer
  3529 | Sewer    | Reached XP level 7. HP: 36/36 MP: 14/17
  3803 | Sewer    | Reached skill level 6 in Spellcasting
  3803 | Sewer    | Reached skill level 4 in Conjurations
  3803 | Sewer    | Reached skill level 6 in Air Magic
  4346 | D:4      | Identified the +0 short sword of Cuod {freeze, rC+}
  4350 | D:4      | Identified the +6 dagger of Extermination {drain, Contam
                  | rPois rF- Will+++}
  4866 | D:5      | Entered Level 5 of the Dungeon
  4901 | D:5      | Found Mitz's Distillery.
  4908 | D:5      | Bought a potion of curing for 33 gold pieces
  5003 | D:5      | Reached skill level 7 in Spellcasting
  5179 | D:5      | Reached skill level 5 in Conjurations
  5179 | D:5      | Reached XP level 8. HP: 41/41 MP: 12/20
  5182 | D:5      | You pick up a book of Cantrips and begin reading...
  5182 | D:5      | You add the spells Necrotise, Summon Small Mammal and
                  | Apportation to your library.
  5447 | D:5      | Noticed Blork the orc
  5460 | D:5      | Killed Blork the orc
  5711 | D:5      | Found Eprurou's Magic Scroll Boutique.
  5717 | D:5      | Bought a scroll of identify for 26 gold pieces
  5717 | D:5      | Bought a scroll of identify for 26 gold pieces
  5727 | D:5      | Found Pahaxix's Magic Scroll Shoppe.
  5732 | D:5      | Bought a scroll of identify for 28 gold pieces
  5880 | D:5      | Reached skill level 1 in Shields
  5967 | D:5      | Found a large runed translucent door.
  5967 | D:5      | Found a large runed translucent door.
  5970 | D:5      | Noticed Shym's ghost (weakling VSDe)
  6048 | D:6      | Reached skill level 2 in Shields
  6201 | D:6      | Reached skill level 3 in Shields
  6298 | D:6      | Reached skill level 4 in Shields
  6596 | D:6      | Reached skill level 5 in Shields
  6693 | D:6      | You add the spells Cigotuvi's Dreadful Rot, Ignite Poison
                  | and Freezing Cloud to your library.
  7029 | D:6      | Reached skill level 1 in Fighting
  7029 | D:6      | Reached skill level 2 in Dodging
  7029 | D:6      | Reached XP level 9. HP: 47/47 MP: 11/22
  7389 | D:7      | Reached skill level 3 in Dodging
  7590 | D:7      | Reached skill level 2 in Fighting
  7922 | D:7      | Reached skill level 4 in Dodging
  8151 | D:7      | HP: 9/49 [slime creature (5)]
  8152 | D:7      | Slain by a slime creature

Vanquished Creatures
  A black bear (D:4)
  A sky beast (D:5)
  A centaur (D:6)
  2 ogres
  2 phantoms (D:6)
  4 kobold brigands
  Blork the orc (D:5)
  3 bullfrogs
  6 scorpions
  A gnoll sergeant (D:6)
  2 howler monkeys
  6 hounds
  5 jellies
  An orc priest (D:3)
  5 orc wizards
  5 sleepcaps
  3 iguanas
  Robin (D:2)
  5 gnolls (D:6)
  12 adders
  An ufetubus (D:4)
  A worm (D:4)
  4 dart slugs
  8 orcs
  7 ball pythons
  8 endoplasms
  16 giant cockroaches
  14 hobgoblins
  4 jackals (D:4)
  6 quokkas
  3 bats (D:2)
  12 frilled lizards
  12 goblins
  17 kobolds
  5 rats
185 creatures vanquished.

Table legend:
 A = Non-vault XP
 B = Vault XP
 C = Vault XP percentage of total XP
 D = Non-vault monster count
 E = Vault monster count
 F = Vault count percentage of total count
                 A         B        C        D         E       F
            +---------+---------+-------+---------+---------+-------
      Total |    2925 |     804 |  21.6 |     113 |      72 |  38.9
            +---------+---------+-------+---------+---------+-------
        D:1 |      21 |       0 |   0.0 |      12 |       0 |   0.0
        D:2 |      44 |      62 |  58.5 |      12 |      22 |  64.7
        D:3 |     183 |       2 |   1.1 |      18 |       1 |   5.3
        D:4 |     557 |      12 |   2.1 |      22 |       6 |  21.4
        D:5 |     524 |     102 |  16.3 |       9 |       1 |  10.0
        D:6 |    1180 |       0 |   0.0 |      23 |       0 |   0.0
        D:7 |     416 |     342 |  45.1 |      17 |      12 |  41.4
      Sewer |       0 |     284 | 100.0 |       0 |      30 | 100.0
            +---------+---------+-------+---------+---------+-------

Skill      XL: |  1  2  3  4  5  6  7  8  9 |
---------------+----------------------------+-----
Spellcasting   | 2 3 4 5 7 |  7.6
Conjurations   | 1 2 3 5 |  5.4
Poison Magic   | 1 |  1.6
Air Magic      | 5 6 |  6.9
Shields        | 5 |  5.0
Fighting       | 1 2 |  2.9
Dodging        | 2 4 |  4.6
Ranged Weapons | |  2.6
Throwing       | |  1.0
Armour         | |  1.0

Action                     |  1- 3 |  4- 6 |  7- 9 || total
---------------------------+-------+-------+-------++-------
  Melee: Shortbow          |     1 |       |       ||     1
         Dagger            |       |    14 |       ||    14
         Short sword       |       |       |    25 ||    25
   Fire: Shortbow          |    72 |       |       ||    72
  Throw: Dart              |    12 |    13 |       ||    25
   Cast: Shock             |    27 |   130 |   301 ||   458
         Mephitic Cloud    |       |       |    14 ||    14
  Evoke: Wand              |       |       |     4 ||     4
    Use: Potion            |     1 |       |     1 ||     2
         Scroll            |       |     6 |     5 ||    11
   Stab: Sleeping          |       |     1 |       ||     1
         Confused          |       |       |     1 ||     1
 Armour: Robe              |    20 |    16 |    36 ||    72
  Dodge: Dodged            |    62 |    23 |    56 ||   141
  Block: Buckler           |       |       |    18 ||    18

Illustrated notes

Table legend:
 A = Kills in this place as a percentage of kills in the entire game.
 B = Kills by you in this place as a percentage of kills by you in the entire game.
 C = Kills by friends in this place as a percentage of kills by friends in the entire game.
 D = Other kills in this place as a percentage of other kills in the entire game.
 E = Experience gained in this place as a percentage of experience gained in the entire game.
 F = Experience gained in this place divided by the number of levels of this place that you have seen.
                   A       B       C       D       E      F
               +-------+-------+-------+-------+-------+----------------------
         Total | 100.0 | 100.0 |   N/A | 100.0 | 100.0 | 466.1
       Dungeon |  83.8 |  83.7 |   N/A | 100.0 |  92.4 | 492.1
         Sewer |  16.2 |  16.3 |   N/A |   0.0 |   7.6 | 284.0
               +-------+-------+-------+-------+-------+----------------------

Table legend: (Time is in decaauts)
 A = Elapsed time spent in this place.
 B = Non-inter-level travel time spent in this place.
 C = Inter-level travel time spent in this place.
 D = Time resting spent in this place.
 E = Time spent auto-exploring this place.
 F = Levels seen in this place.
 G = Mean time per level.
                   A        B        C        D        E       F      G
               +--------+--------+--------+--------+--------+-----+--------+
         Total |   8225 |   8047 |    178 |    543 |   6343 |   8 | 1028.1 |
       Dungeon |   7512 |   7334 |    178 |    430 |   5858 |   7 | 1073.1 |
         Sewer |    713 |    713 |      0 |    113 |    485 |   1 |  713.0 |
               +--------+--------+--------+--------+--------+-----+--------+

Top non-repeatable levels by time:
     D:4: 1531 daAuts
     D:6: 1393 daAuts
     D:2: 1267 daAuts
     D:5: 1123 daAuts
     D:3: 999 daAuts
     D:7: 768 daAuts
   Sewer: 713 daAuts
     D:1: 428 daAuts
